Cogmind - Beta 17.1 @@@ ROGUE MODE // 2026.09.02 @ 14:33:52 Player: mmmmcheese Result: Destroyed by Executioner with Helical Railgun Performance ------------- Evolutions (9) 4500 Regions Visited (30) 6000 Robots Destroyed (282) 1410 Value Destroyed (17272) 17272 Prototype IDs (56) 1120 Alien Tech Used (2) 400 Bonus (17540) 17540 TOTAL SCORE: 48242 Bonus ------- High Alert Combat Kills 2048 Follower Combat Kills 750 Entered Garrisons 1000 Entered DSFs 500 Aligned with FarCom 300 Acquired ECA 300 Met Warlord at Base 500 MAIN.C Attacked Warlord 500 Warlord Defense Kills 734 Met Warlord at Research 2000 Invited to Help at Command 2000 Destroyed MAIN.C Guards 500 Met MAIN.C 5000 Met Warlord at Command 2000 Friendly Fire -592 Cogmind --------- Core Integrity 0/1600 Matter 300/300 Energy 100/100 System Corruption 19% Temperature Cool (0) Movement Core (100) Ox1 Location -1/Command Parts ------- > --- POWER (2) -------- (None) > --- PROPULSION (8) --- (None) > --- UTILITY (12) ----- Advanced Melee Analysis Suite Advanced Melee Analysis Suite Advanced Melee Analysis Suite Advanced Melee Analysis Suite Advanced Melee Analysis Suite Improved Hacking Suite > --- WEAPON (3) ------- Phasing Sabre > --- INVENTORY (5) ---- Light Quantum Reactor Xenon Bombardment Thruster Advanced Surge Thruster Q-thruster Q-thruster Peak State ------------ > --- POWER ------------ Light Quantum Reactor Light Quantum Reactor > --- PROPULSION ------- Q-thruster Q-thruster Q-thruster Q-thruster Q-thruster Cooled Impulse Thruster Impulse Thruster Array > --- UTILITY ---------- Advanced Cooling System Medium Storage Unit Advanced Weight Redist. System Enhanced Optical Array Advanced Targeting Computer Experimental Target Analyzer Advanced Kinecellerator Improved Weapon Cycler Improved Hacking Suite Advanced Hacking Suite Advanced Hacking Suite System Mapper > --- WEAPON ----------- KE Penetrator Railgun Enhanced Force Lance > --- INVENTORY -------- Vortex Chain Reactor Advanced Powered Armor Advanced Force Field Assault Drone Bay Assault Drone Bay Railgun Point Singularity Launcher [Rating: 180] Favorites ----------- Power Light Quantum Reactor Engine Light Ion Engine Power Core Micro Nuclear Core Reactor Light Quantum Reactor Propulsion Improved VTOL Module Treads Armored Treads Leg Myomer Leg Wheel Wheel Flight Unit Improved VTOL Module Utility Advanced Targeting Computer Device Advanced Weight Redist. System Storage Medium Storage Unit Processor Advanced Targeting Computer Hackware System Mapper Protection Improved Light Armor Plating Weapon Gauss Rifle Energy Gun Spread Laser Ballistic Gun Gauss Rifle Ballistic Cannon Enhanced Hardcell Cannon Launcher Missile Launcher Special Weapon Plasma Cutter Slashing Weapon Longsword +1 Piercing Weapon Enhanced Force Lance Build | -11 -10 -10 -10 -9 -8 -8 -7 -7 -7 -7 -7 -7 -6 -6 -6 -6 -5 -5 -5 -5 -4 -4 -4 -4 -4 -3 -3 -2 -1 -1 ------- Run | Yrd Mat Min Exi Min Mat Gar Fac Gar Fac Gar Fac DSF Fac Gar Fac Gar Fac Upp Upp War Pro Fac Upp Upp Zhi Pro Res Res Acc Com Slots Evolved 18 | . . . . . 4 . 2 . . . . . 2 . . . 2 . . . . 2 . . . . 2 2 2 . Power 1 | . . . . . . . . . . . . . . . . . 1 . . . . . . . . . . . . . Propulsion 6 | . . . . . 1 . 1 . . . . . 2 . . . 1 . . . . . . . . . . 1 . . Utility 10 | . . . . . 3 . . . . . . . . . . . . . . . . 2 . . . . 2 1 2 . Weapon 1 | . . . . . . . 1 . . . . . . . . . . . . . . . . . . . . . . . Parts Attached 302 | 6 9 . . 1 29 3 10 4 4 5 . 8 4 20 9 13 11 . 3 10 2 3 3 1 4 . 17 20 8 95 Power 48 | 1 . . . . 3 . 1 1 1 . . 1 . 5 . 5 3 . 1 1 . . 1 1 2 . 3 5 . 13 Engine 9 | 1 . . . . 1 . . . . . . . . 2 . 2 2 . . 1 . . . . . . . . . . Core 11 | . . . . . 2 . 1 . 1 . . . . 2 . 3 . . 1 . . . . . . . . . . 1 Reactor 28 | . . . . . . . . 1 . . . 1 . 1 . . 1 . . . . . 1 1 2 . 3 5 . 12 Propulsion 104 | 2 3 . . . 9 1 3 . 2 1 . 2 1 13 6 2 1 . 1 2 2 . 1 . . . 4 4 3 41 Treads 15 | 2 3 . . . 8 1 . . . . . . . . . . . . . . . . . . . . . . . 1 Leg 9 | . . . . . . . . . . . . . . . . . . . . . . . . . . . . . . 9 Wheel 1 | . . . . . . . . . . . . . . . . . . . . . . . . . . . . . 1 . Hover . | . . . . . . . . . . . . . . . . . . . . . . . . . . . . . . . Flight 79 | . . . . . 1 . 3 . 2 1 . 2 1 13 6 2 1 . 1 2 2 . 1 . . . 4 4 2 31 Utility 94 | 1 4 . . . 12 . 4 2 . 3 . . 1 . 2 3 5 . 1 5 . 3 1 . 2 . 6 5 3 31 Device 41 | . 1 . . . 2 . 2 . . 1 . . 1 . . 2 2 . 1 3 . 1 1 . . . 5 3 . 16 Storage 9 | 1 2 . . . 2 . 1 . . . . . . . . . . . . . . 1 . . 1 . . . . 1 Processor 22 | . 1 . . . 3 . . 1 . 1 . . . . . . 1 . . 1 . 1 . . . . 1 1 1 10 Hackware 11 | . . . . . 1 . 1 . . . . . . . 2 . 2 . . 1 . . . . . . . 1 2 1 Protection 11 | . . . . . 4 . . 1 . 1 . . . . . 1 . . . . . . . . 1 . . . . 3 Artifact . | . . . . . . . . . . . . . . . . . . . . . . . . . . . . . . . Weapon 56 | 2 2 . . 1 5 2 2 1 1 1 . 5 2 2 1 3 2 . . 2 . . . . . . 4 6 2 10 Energy Gun 6 | 1 1 . . 1 1 . . . . . . . . . . . . . . 1 . . . . . . . 1 . . Energy Cannon . | . . . . . . . . . . . . . . . . . . . . . . . . . . . . . . . Ballistic Gun 35 | 1 1 . . . 3 . 2 1 1 1 . 3 2 2 1 2 2 . . 1 . . . . . . 2 4 2 4 Ballistic Cannon 2 | . . . . . . . . . . . . 1 . . . . . . . . . . . . . . . . . 1 Launcher 6 | . . . . . . 2 . . . . . . . . . . . . . . . . . . . . 1 1 . 2 Special Weapon 1 | . . . . . . . . . . . . 1 . . . . . . . . . . . . . . . . . . Impact Weapon . | . . . . . . . . . . . . . . . . . . . . . . . . . . . . . . . Slashing Weapon 5 | . . . . . 1 . . . . . . . . . . 1 . . . . . . . . . . . . . 3 Piercing Weapon 1 | . . . . . . . . . . . . . . . . . . . . . . . . . . . 1 . . . Special Melee Weapon . | . . . . . . . . . . . . . . . . . . . . . . . . . . . . . . . Unidentified Prototypes 25 | . . . . . 1 . . . . . . . 1 . . . 1 . . 7 . . . 1 5 . 1 2 . 6 Corrupted Parts 3 | . . . . . . . . . . . . . . . . . . . . . . . . . . . . . . 3 System Corruption 3 | . . . . . . . . . . . . . . . . . . . . . . . . . . . . . . 3 Parts Lost 91 | . 2 . . . 4 1 . . . 2 . 3 . 6 . 7 . . . . . . 1 . . 3 4 1 1 56 Power 12 | . . . . . 1 . . . . . . 1 . . . 4 . . . . . . . . . . 1 . . 5 Propulsion 44 | . 1 . . . 1 1 . . . 1 . . . 6 . 1 . . . . . . 1 . . . 1 . 1 30 Utility 21 | . . . . . 1 . . . . 1 . . . . . 1 . . . . . . . . . 2 . . . 16 Weapon 14 | . 1 . . . 1 . . . . . . 2 . . . 1 . . . . . . . . . 1 2 1 . 5 Highest Loss Streak 17 | . 2 . . . 3 1 . . . 1 . 3 . 2 . 3 . . . . . . 1 . . 2 3 1 1 17 To Critical Strikes . | . . . . . . . . . . . . . . . . . . . . . . . . . . . . . . . Average Backups 10 | 1 6 10 10 9 17 19 10 9 9 9 9 8 8 8 8 8 8 10 10 9 9 8 8 8 9 8 8 7 6 4 Power . | . . . . 1 . 1 . 1 1 1 1 . . 1 1 . . 1 1 . 1 1 1 1 1 1 1 1 1 . Propulsion 1 | . . 1 1 1 3 5 1 1 1 . 1 1 . 1 . . . . . . 1 1 . . . . . . . . Utility 4 | . 2 6 5 5 9 7 4 4 5 4 3 3 2 2 3 1 4 6 5 5 5 4 5 5 6 5 5 4 4 2 Weapon 2 | . 2 3 4 2 3 6 4 2 2 2 3 3 3 3 3 4 3 2 2 2 1 1 1 1 1 . . 1 1 1 Tool/Special . | . . . . . . . . . . . . . . . . . . . . . . . . . . . . . . . Unused Backups 47 | . 3 . 2 . 12 . 3 . . . . 1 1 2 3 2 4 . 1 . . . 1 . . . 6 2 . 4 Power 10 | . 2 . . . 2 . . . . . . . . . . 1 . . 1 . . . . . . . 3 . . 1 Propulsion 10 | . . . . . 3 . . . . . . 1 . 1 2 . . . . . . . . . . . . 1 . 2 Utility 22 | . . . 1 . 7 . 3 . . . . . 1 1 1 1 3 . . . . . 1 . . . 1 1 . 1 Weapon 5 | . 1 . 1 . . . . . . . . . . . . . 1 . . . . . . . . . 2 . . . Tool/Special . | . . . . . . . . . . . . . . . . . . . . . . . . . . . . . . . Average Slot Usage (%) 95 | . 98 100 71 98 97 99 97 100 98 99 100 89 98 97 99 96 99 100 99 99 94 93 88 90 92 90 96 94 95 83 Engine 2 | . 14 14 14 14 3 . . . . . . . . . 3 1 8 5 5 4 5 5 . . . . . . . . Core 2 | . . . . . 4 9 7 7 7 7 7 1 . 2 . 3 1 . 3 3 . . . . . . . . . . Reactor 2 | . . . . . . . . . . . . 4 6 2 2 . . 5 1 1 5 5 5 6 8 6 8 7 8 7 Treads 8 | . 26 28 28 28 26 26 2 . . . . . . . . . . . . . . . . . . . . . . . Flight 22 | . . . . . . . 26 30 30 29 30 30 39 38 39 39 41 41 41 40 35 31 30 31 31 31 30 30 27 21 Device 7 | . 3 . . . 4 . 8 7 5 9 7 11 8 13 8 11 8 5 4 3 . 4 5 4 4 3 8 15 15 15 Storage 6 | . 14 14 14 14 9 9 6 7 7 7 7 7 6 6 6 6 5 5 5 5 5 5 5 5 5 5 4 4 4 2 Processor 17 | . 10 14 14 14 22 27 19 15 15 12 15 15 13 13 13 13 11 17 17 17 17 21 21 21 21 21 22 14 12 16 Hackware 2 | . . . . . 1 1 . 3 . . . . . . 3 . 1 . . 1 5 5 5 5 5 5 4 7 15 5 Protection 2 | . . . . . 5 7 1 3 7 7 7 3 3 . . 1 . . . . . . . . . 1 . . . 1 Energy Gun 1 | . 9 14 . 13 4 . . . . . . . . . . . . . . . . . . . . . . . . . Ballistic Gun 11 | . 18 14 . 14 9 12 20 18 22 20 23 9 16 12 10 9 13 14 16 13 16 11 13 14 12 11 8 7 11 5 Slashing Weapon 2 | . . . . . 3 3 . 4 . 1 . . 2 3 6 6 3 2 . . . 3 1 . 2 3 3 . . 1 Peak Build Rating 180 | 6 11 12 12 13 43 43 44 50 48 52 44 53 65 65 68 72 75 71 68 98 98 105 116 117 121 118 140 166 173 180 Average Rating 74 | 5 9 11 9 12 31 39 42 45 44 46 44 44 59 55 64 64 70 69 67 76 96 104 108 111 115 111 131 157 168 148 On Entrance 66 | . 6 11 12 10 13 39 36 43 48 45 44 44 48 65 53 68 66 71 68 68 97 94 105 110 117 117 112 131 163 164 Avg Prop Armor Cover (%) 4 | . . . . . . . . . . . . . . 2 2 3 1 . . . . . . . . . 1 . . 8 Naked Turns 46 | . . . . . . . . . . . . . . . . . . . . . . . . . . . . . . 46 Heaviest Build 81 | 10 27 27 23 27 62 61 27 29 29 31 29 46 37 36 37 39 43 38 38 39 39 41 41 55 53 50 55 72 69 81 Greatest Support 209 | 40 46 46 46 46 66 60 29 29 30 30 29 29 38 38 39 39 47 38 40 44 44 41 44 44 44 44 64 69 69 209 Greatest Overweight (x) 1 | . . . . . 1 1 . . . 1 . 1 . 1 . 1 . . . . . . . 1 1 1 1 1 1 1 Average Overweight (x) . | . . . . . . . . . . . . . . . . . . . . . . . . . . . . . . . Largest Inventory Capacity 20 | 8 15 15 15 15 20 20 20 10 10 10 10 10 10 10 10 10 10 10 10 10 10 10 10 10 10 10 10 10 10 10 Average Capacity 11 | 7 9 15 15 15 18 20 9 10 10 10 10 10 10 10 10 10 10 10 10 10 10 10 10 10 10 10 10 10 10 7 Most Carried 20 | 2 11 15 15 14 20 20 18 10 10 10 10 10 10 10 10 10 10 10 10 10 10 10 10 10 10 10 10 10 10 10 Average Carried 11 | 1 6 13 14 13 18 19 9 9 9 9 10 9 9 9 9 9 9 10 9 9 10 9 9 9 9 9 9 9 9 6 Final Capacity 20 | 8 15 15 15 15 20 20 10 10 10 10 10 10 10 10 10 10 10 10 10 10 10 10 10 10 10 10 10 10 10 5 Final Carried 20 | 2 11 14 15 14 20 19 10 10 10 10 10 10 10 10 10 10 10 10 10 10 10 10 10 10 10 10 10 10 10 5 Class Distribution -------------------- 25% | Mutant 18% | Hacker-Sprinter 17% | Scavenger-Sprinter 14% | Sprinter 9% | Scavenger-Mutant 4% | Commander-Sprinter 3% | Wizard-Sprinter Dominant Class ---------------- Mutant | -10/Materials Mutant | -10/Mines Mutant | -10/Exiles Mutant | -9/Mines Mutant | -8/Materials Mutant | -8/Garrison Sprinter | -7/Factory Sprinter | -7/Garrison Sprinter | -7/Factory Sprinter | -7/Garrison Commander-Sprinter | -7/Factory Sprinter | -7/DSF Scavenger-Sprinter | -6/Factory Scavenger-Sprinter | -6/Garrison Sprinter | -6/Factory Scavenger-Sprinter | -6/Garrison Scavenger-Sprinter | -5/Factory Scavenger-Sprinter | -5/Upper Caves Scavenger-Sprinter | -5/Upper Caves Commander-Sprinter | -5/Warlord Hacker-Sprinter | -4/Proximity Caves Hacker-Sprinter | -4/Factory Hacker-Sprinter | -4/Upper Caves Hacker-Sprinter | -4/Upper Caves Hacker-Gunner | -4/Zhirov Hacker-Sprinter | -3/Proximity Caves Hacker-Sprinter | -3/Research Hacker-Sprinter | -2/Research Wizard-Sprinter | -1/Access Scavenger-Sprinter | -1/Command Resources | -11 -10 -10 -10 -9 -8 -8 -7 -7 -7 -7 -7 -7 -6 -6 -6 -6 -5 -5 -5 -5 -4 -4 -4 -4 -4 -3 -3 -2 -1 -1 ----------- Run | Yrd Mat Min Exi Min Mat Gar Fac Gar Fac Gar Fac DSF Fac Gar Fac Gar Fac Upp Upp War Pro Fac Upp Upp Zhi Pro Res Res Acc Com Matter Collected 11372 | 195 188 61 . 34 873 480 172 613 . 798 . 264 34 1023 118 490 530 64 137 328 130 . 469 172 70 271 363 432 623 2440 Remotely . | . . . . . . . . . . . . . . . . . . . . . . . . . . . . . . . Salvage Created 12509 | . 302 71 . 68 1595 810 22 868 68 769 . 160 56 1580 18 806 712 41 48 343 249 20 722 156 228 356 526 426 683 806 Parts 606 | . 20 3 . 2 92 44 . 29 3 41 . 11 2 59 4 51 33 . 3 19 16 3 24 6 2 12 30 28 29 40 Haulers Intercepted 5 | . . . . . 4 . . . . . . . . 1 . . . . . . . . . . . . . . . . Recyclers Shooed 1 | . . . . . 1 . . . . . . . . . . . . . . . . . . . . . . . . . Parts Field Recycled . | . . . . . . . . . . . . . . . . . . . . . . . . . . . . . . . Retrieved Matter . | . . . . . . . . . . . . . . . . . . . . . . . . . . . . . . . Parts Self-Destructed 63 | . . . . . . . . . . . . . . . . . . 1 3 . 17 . 23 6 2 11 . . . . Prevented 3 | . . . . . . . . . . . . . . . . . . 1 . . 2 . . . . . . . . . Parts Restored . | . . . . . . . . . . . . . . . . . . . . . . . . . . . . . . . Kills | -11 -10 -10 -10 -9 -8 -8 -7 -7 -7 -7 -7 -7 -6 -6 -6 -6 -5 -5 -5 -5 -4 -4 -4 -4 -4 -3 -3 -2 -1 -1 ------- Run | Yrd Mat Min Exi Min Mat Gar Fac Gar Fac Gar Fac DSF Fac Gar Fac Gar Fac Upp Upp War Pro Fac Upp Upp Zhi Pro Res Res Acc Com Combat Hostiles Destroyed 245 | . 9 2 . 2 26 23 . 14 1 21 . 4 . 29 . 27 8 1 5 6 6 . 10 2 . 6 6 11 9 17 Melee 56 | . . . . . 5 7 . 5 . 4 . . . 10 . 14 2 . . . 3 . . . . 2 4 . . . Guns 153 | . 9 2 . 2 21 8 . 9 1 14 . 4 . 19 . 3 6 1 1 6 3 . 10 2 . 4 2 6 9 11 AOE 36 | . . . . . . 8 . . . 3 . . . . . 10 . . 4 . . . . . . . . 5 . 6 Classes Destroyed 18 | . 3 . . . 8 . . . . 2 . 1 . . . . . . . . 1 . . . . 1 . . . 2 Worker 2 | . . . . . . . . . . . . . . . . . . . . . . . . . . . . . . 2 Hauler 5 | . . . . . 4 . . . . . . . . 1 . . . . . . . . . . . . . . . . Recycler 2 | . . . . . 2 . . . . . . . . . . . . . . . . . . . . . . . . . Operator 12 | . . . . . 1 . . . . . . . . . 1 . 4 . . . . 1 . . . . 3 . 1 1 Drone 4 | . . . . . . . . . . . . . . . . . . . . . 1 . . . . 2 . . . 1 Watcher 13 | . 1 . . . 3 . 1 . . . . . 1 . . . 4 . . . . . . . . . 1 . 1 1 Swarmer 73 | . 3 . . . 1 7 . 3 . 7 . 1 . 12 . 15 . . 5 . 3 . 2 . . . . 7 2 5 Cutter 2 | . . . . . . . . . . . . 2 . . . . . . . . . . . . . . . . . . Grunt 108 | . 6 2 . 2 10 11 . 10 1 9 . 1 . 13 . 7 8 1 . 4 2 . 4 2 . 1 2 . 5 7 Brawler 5 | . . . . . 1 . . . . . . . . 1 . . . . . . . . 3 . . . . . . . Duelist 2 | . . . . . . . . . . 1 . . . 1 . . . . . . . . . . . . . . . . Sentry 14 | . . . . . 9 3 . . . 1 . . . . . . . . . . . . 1 . . . . . . . Specialist 2 | . . . . . 2 . . . . . . . . . . . . . . . . . . . . . . . . . Hunter 10 | . . . . . 2 2 . 1 . . . 1 . . . 1 . . . . . . . . . . . 2 . 1 Programmer 23 | . . . . . . . . . . 3 . . . 2 . 4 . . . 2 . . . . . 2 4 2 2 2 Heavy 1 | . . . . . 1 . . . . . . . . . . . . . . . . . . . . . . . . . Behemoth 2 | . . . . . . . . . . . . . . . . . . . . . . . . . . 1 . . . 1 Combat Programmer 1 | . . . . . . . . . . . . . . . . . . . . . . . . . . . . . . 1 Thug 1 | . . . . . . . . . . . . . . . . . . . . . . . . . . . . . . 1 Fireman 1 | . . . . . . . . . . . . . . . . . . . . . . . . . . . . . . 1 Best Kill Streak 8 | . 3 2 . 2 5 4 1 3 1 5 . 2 1 6 1 8 3 1 5 4 3 1 4 2 . 2 2 6 4 4 Combat Bots Only 8 | . 3 2 . 2 4 4 . 3 1 5 . 2 . 6 . 8 2 1 5 4 3 . 4 2 . 2 2 6 4 4 Max Kills in Single Turn 5 | . 1 1 . 1 1 4 1 1 1 2 . 2 1 2 1 3 1 1 2 1 1 1 2 1 . 1 1 5 2 4 Gunslinging 1 | . . . . . . . . . . . . . . . . . . . . . . . . . . . . . 1 . Exploded 5 | . . . . . . 4 . . . 2 . . . . . 3 . . 2 . . . . . . . . 5 . 4 Melee 1 | . . . . . 1 1 . 1 . 1 . . . 1 . 1 1 . . . 1 . . . . 1 1 . . . Uniques/NPCs Destroyed . | . . . . . . . . . . . . . . . . . . . . . . . . . . . . . . . Combat | -11 -10 -10 -10 -9 -8 -8 -7 -7 -7 -7 -7 -7 -6 -6 -6 -6 -5 -5 -5 -5 -4 -4 -4 -4 -4 -3 -3 -2 -1 -1 -------- Run | Yrd Mat Min Exi Min Mat Gar Fac Gar Fac Gar Fac DSF Fac Gar Fac Gar Fac Upp Upp War Pro Fac Upp Upp Zhi Pro Res Res Acc Com Hostile Shots Fired 1152 | . 56 10 . 3 120 60 . 41 . 61 . 14 2 98 3 89 24 . 6 10 25 . 9 7 . 47 57 11 37 362 Missed 431 | . 17 2 . 1 38 14 . 16 . 28 . 3 1 33 2 37 11 . 2 3 9 . 3 2 . 25 15 7 16 146 Hits 721 | . 39 8 . 2 82 46 . 25 . 33 . 11 1 65 1 52 13 . 4 7 16 . 6 5 . 22 42 4 21 216 Melee 6 | . . . . . . . . . . . . 3 . . . . . . . . . . . . . . . . . 3 Projectile 715 | . 39 8 . 2 82 46 . 25 . 33 . 8 1 65 1 52 13 . 4 7 16 . 6 5 . 22 42 4 21 213 AOE 17 | . . . . . . . . . . . . 3 . . . . . . . . . . . . . . . . . 14 Critical Strikes 32 | . 1 . . . 2 2 . 1 . 2 . 1 . . . 2 1 . . 1 . . . . . . 5 . . 14 Actively Blocked 13 | . . . . . . . . . . 2 . 1 . . . 2 1 . . . . . . . . . . . . 7 Part Disruptions 11 | . . . . . . . . . . . . . . . . 1 . . . . . . . . . . 2 . . 8 Damage Taken 16007 | . 606 133 . 23 1398 709 . 391 . 487 . 363 19 1056 2 914 270 . 61 152 258 . 119 114 . 394 1052 93 475 6918 Core 3082 | . 118 34 . . 227 61 . 42 . 45 . 68 . 112 . 270 37 . 14 . 45 . 30 23 . 109 232 . 68 1547 Absorbed by Shields 334 | . . . . . . . . . . . . 28 . 25 . . . . . . . . . . . . . . . 281 Redirected to Shielding 41 | . . . . . . . . . . . . . . . . . . . . . . . . . . 41 . . . . Ignored by Resistances 9 | . . . . . . . . . . . . . . . . . . . . . . . . . . . . . . 9 Regen/Repaired (Parts) 462 | . 66 . . . . . . . 11 . . . 9 . . . . . . 79 . . . . . . 136 113 . 48 Core Remaining (%) 75 | 100 . . . 39 . 47 . . . . . 77 . . . 55 . . . . 90 . . . . 85 82 100 . . Volleys Fired 591 | . 46 8 . 4 68 42 2 33 1 46 . 13 2 53 1 18 27 3 5 13 9 . 39 6 . 22 11 19 37 63 Largest 3 | . 2 2 . 2 2 2 3 3 3 3 . 3 3 3 1 2 3 3 3 3 3 . 3 3 . 3 2 2 3 3 Hottest 130 | . 85 85 . 85 130 72 74 74 76 84 . 76 86 86 33 66 94 86 86 93 93 . 93 93 . 93 70 70 103 126 Shots Fired 1359 | . 89 16 . 8 136 70 6 92 3 118 . 30 6 148 1 28 80 9 10 34 21 . 91 14 . 38 22 34 111 144 Gun 1320 | . 89 16 . 8 136 65 6 92 3 111 . 30 6 148 1 22 80 9 7 34 21 . 91 14 . 38 22 33 111 127 Cannon . | . . . . . . . . . . . . . . . . . . . . . . . . . . . . . . . Launcher 39 | . . . . . . 5 . . . 7 . . . . . 6 . . 3 . . . . . . . . 1 . 17 Special . | . . . . . . . . . . . . . . . . . . . . . . . . . . . . . . . Kinetic 1248 | . 79 8 . 4 86 65 6 92 3 111 . 30 6 148 1 22 80 9 7 34 21 . 91 14 . 38 22 33 111 127 Thermal 72 | . 10 8 . 4 50 . . . . . . . . . . . . . . . . . . . . . . . . . Explosive 39 | . . . . . . 5 . . . 7 . . . . . 6 . . 3 . . . . . . . . 1 . 17 Electromagnetic . | . . . . . . . . . . . . . . . . . . . . . . . . . . . . . . . Robot Hit Streak 34 | . 10 6 . 8 34 26 1 9 2 9 . 7 2 11 3 7 5 5 7 11 7 . 16 11 . 11 7 15 5 22 Robot Miss Streak 6 | . 3 4 . 2 4 2 2 3 1 2 . 6 2 5 . 2 4 1 1 3 2 . 3 1 . 3 2 2 4 3 Penetration Max 3 | . . . . . 1 . . 1 . 1 . 1 . 2 . . 1 . . 3 . . 1 . . . . 1 1 1 Secondary Targets 16 | . . . . . . 1 . 1 . 1 . . . 2 . . . . . 2 1 . 2 . . . . 1 3 2 Max Gunslinging Chain 1 | . . . . . . 1 . 1 . 1 . . . 1 . . . . . 1 1 . 1 . . . . 1 1 1 Shots Hit Robots 1061 | . 59 14 . 7 117 77 2 72 2 72 . 14 4 101 4 49 63 7 7 20 23 1 55 11 4 37 41 28 67 103 Core Hits 586 | . 25 15 . 7 106 32 2 27 2 44 . 8 2 61 2 35 25 3 4 15 11 . 24 5 2 7 12 19 27 64 Critical Kills 29 | . 1 . . . . . . . 1 . . . . 3 . . . . . 3 2 . 6 1 . 2 2 2 3 3 Critical Parts Destroyed 25 | . . . . . . 2 . . . . . . . 1 . . 1 . . 3 . . 5 1 . 4 1 1 1 5 Critical Strikes 92 | . 1 . . . 2 6 . 1 1 . . 1 . 6 . 8 3 . . 6 2 . 14 2 . 8 12 3 4 12 Destroy 60 | . 1 . . . . 2 . . 1 . . . . 4 . . 1 . . 6 2 . 14 2 . 7 3 3 4 10 Sever 30 | . . . . . 2 4 . 1 . . . 1 . 2 . 8 2 . . . . . . . . 1 9 . . . Impale 2 | . . . . . . . . . . . . . . . . . . . . . . . . . . . . . . 2 Melee Attacks 361 | . . . . . 25 26 . 39 . 14 . 1 2 35 9 75 24 . . 2 8 3 1 . 4 8 54 1 7 23 Thermal 4 | . . . . . . . . . . . . . . . . 4 . . . . . . . . . . . . . . Impact . | . . . . . . . . . . . . . . . . . . . . . . . . . . . . . . . Slashing 336 | . . . . . 25 26 . 39 . 14 . 1 2 35 9 71 24 . . 2 8 3 1 . 4 8 50 . . 14 Piercing 21 | . . . . . . . . . . . . . . . . . . . . . . . . . . . 4 1 7 9 Sneak Attacks 18 | . . . . . 5 . . 1 . 1 . . 1 1 . 1 3 . . . . . . . . 1 3 . . 1 Combat Hostiles 5 | . . . . . . . . 1 . 1 . . . . . 1 . . . . . . . . . 1 1 . . . Follow-up Attacks 1 | . . . . . . . . . . . . . . . . 1 . . . . . . . . . . . . . . Damage Inflicted 35884 | . 503 165 . 84 2964 2617 33 1993 35 1999 . 346 178 3697 179 2797 1996 139 572 606 581 68 917 156 401 1125 1921 1455 2336 6021 Guns 18451 | . 503 165 . 84 1952 892 33 816 35 1130 . 307 83 2174 . 283 894 139 104 606 276 . 917 156 . 661 456 851 2253 2681 Cannons . | . . . . . . . . . . . . . . . . . . . . . . . . . . . . . . . Explosions 6400 | . . . . . . 595 . . . 532 . . . . . 1063 . . 468 . . . . . . . . 604 . 3138 Melee 10953 | . . . . . 986 1130 . 1177 . 337 . 39 95 1523 175 1451 1102 . . . 305 68 . . 401 464 1430 . 83 187 Ramming 80 | . . . . . 26 . . . . . . . . . 4 . . . . . . . . . . . 35 . . 15 Kinetic 17471 | . 437 46 . 26 1215 892 33 816 35 1130 . 307 83 2174 . 283 894 139 104 606 276 . 917 156 . 661 456 851 2253 2681 Thermal 980 | . 66 119 . 58 737 . . . . . . . . . . . . . . . . . . . . . . . . . Explosive 6400 | . . . . . . 595 . . . 532 . . . . . 1063 . . 468 . . . . . . . . 604 . 3138 Electromagnetic . | . . . . . . . . . . . . . . . . . . . . . . . . . . . . . . . Impact . | . . . . . . . . . . . . . . . . . . . . . . . . . . . . . . . Slashing 10683 | . . . . . 986 1130 . 1177 . 337 . 39 95 1523 175 1451 1102 . . . 305 68 . . 401 464 1430 . . . Piercing 270 | . . . . . . . . . . . . . . . . . . . . . . . . . . . . . 83 187 Highest Corruption 19 | . 1 1 1 1 1 1 . . . 1 1 1 . 3 3 5 1 1 1 . . . . . . 2 7 . . 19 Average Corruption 3 | . 1 1 1 1 1 1 . . . 1 1 1 . 2 3 4 1 1 1 . . . . . . 1 4 . . 11 Corruption Purged 8 | . . . . . . . . . . . . . . . . . . . 1 . . . . . . . 7 . . . Corruption Blocked . | . . . . . . . . . . . . . . . . . . . . . . . . . . . . . . . Effects 153 | . 1 7 3 1 13 10 . . . 6 . 1 . 12 5 22 1 2 . . . . . . . 1 21 . . 47 Message Errors 39 | . . 4 2 1 2 3 . . . 1 . . . 2 . 7 . 1 . . . . . . . . 4 . . 12 Matter Fused 37 | . 1 . 1 . 5 3 . . . . . . . 4 2 4 . 1 . . . . . . . 1 6 . . 9 Heat Flow Errors 15 | . . 2 . . . 1 . . . . . . . . . 1 . . . . . . . . . . 5 . . 6 Energy Discharges 18 | . . . . . 1 . . . . 3 . . . . . 5 1 . . . . . . . . . . . . 8 Parts Rejected 4 | . . . . . . . . . . . . . . . 1 . . . . . . . . . . . . . . 3 Parts Fused 1 | . . . . . . . . . . . . . . 1 . . . . . . . . . . . . . . . . Data Loss (minor) 18 | . . . . . 1 1 . . . 1 . 1 . 2 . 3 . . . . . . . . . . 4 . . 5 Data Loss (major) 9 | . . 1 . . 2 1 . . . . . . . 3 . . . . . . . . . . . . 2 . . . Misfires 4 | . . . . . 1 1 . . . . . . . . 1 1 . . . . . . . . . . . . . . Alerts 2 | . . . . . . . . . . 1 . . . . . 1 . . . . . . . . . . . . . . Misdirections 4 | . . . . . . . . . . . . . . . . . . . . . . . . . . . . . . 4 Weapon Failures 2 | . . . . . 1 . . . . . . . . . 1 . . . . . . . . . . . . . . . Overload Shots . | . . . . . . . . . . . . . . . . . . . . . . . . . . . . . . . Overflow Damage 1857 | . . . . . 102 58 . 174 . 15 . . . 97 . 47 312 . 75 . . 28 . . 78 91 203 12 11 554 Projectiles . | . . . . . . . . . . . . . . . . . . . . . . . . . . . . . . . Explosions 375 | . . . . . . 21 . . . . . . . . . . . . 75 . . . . . . . . 12 . 267 Melee 1482 | . . . . . 102 37 . 174 . 15 . . . 97 . 47 312 . . . . 28 . . 78 91 203 . 11 287 Knockbacks . | . . . . . . . . . . . . . . . . . . . . . . . . . . . . . . . Impact . | . . . . . . . . . . . . . . . . . . . . . . . . . . . . . . . Kinetic . | . . . . . . . . . . . . . . . . . . . . . . . . . . . . . . . Secondary . | . . . . . . . . . . . . . . . . . . . . . . . . . . . . . . . Self-Inflicted Damage 125 | . . . . . . . . . . . . . . . 2 . . . . . . . . . . . 17 . . 106 Shots 1 | . . . . . . . . . . . . . . . . . . . . . . . . . . . . . . 1 Rammed 8 | . . . . . 5 . . . . . . . . . 1 . . . . . . . . . . . 1 . . 1 Targets Rammed 8 | . . . . . 5 . . . . . . . . . 1 . . . . . . . . . . . 1 . . 1 Kicked . | . . . . . . . . . . . . . . . . . . . . . . . . . . . . . . . Crushed . | . . . . . . . . . . . . . . . . . . . . . . . . . . . . . . . Highest Temperature 499 | . 88 243 . 94 153 162 28 138 36 98 . . 302 195 236 267 303 . 8 166 30 4 51 66 123 192 258 50 30 499 Average Temperature 54 | . 18 72 . 45 31 19 16 40 23 35 . . 93 55 59 27 55 . 3 23 5 4 22 21 51 45 93 8 11 104 Received Heat Transfer 2581 | . 171 18 . 15 486 342 . 126 . 99 . . 9 237 . 108 75 . . 48 12 . 30 21 . 24 12 . 18 730 Effects 14 | . . 3 . . . . . . . . . . 1 . . . 2 . . . . . . . . . 3 . . 5 Shutdowns 2 | . . . . . . . . . . . . . . . . . . . . . . . . . . . . . . 2 Energy Bleed 3 | . . . . . . . . . . . . . 1 . . . . . . . . . . . . . . . . 2 Interference 9 | . . 3 . . . . . . . . . . . . . . 2 . . . . . . . . . 3 . . 1 Siege Activations . | . . . . . . . . . . . . . . . . . . . . . . . . . . . . . . . Martial Activations . | . . . . . . . . . . . . . . . . . . . . . . . . . . . . . . . Shielding Activations . | . . . . . . . . . . . . . . . . . . . . . . . . . . . . . . . Robots Disrupted . | . . . . . . . . . . . . . . . . . . . . . . . . . . . . . . . Combat Hostiles . | . . . . . . . . . . . . . . . . . . . . . . . . . . . . . . . Robots Corrupted . | . . . . . . . . . . . . . . . . . . . . . . . . . . . . . . . Combat Hostiles . | . . . . . . . . . . . . . . . . . . . . . . . . . . . . . . . Parts Fried . | . . . . . . . . . . . . . . . . . . . . . . . . . . . . . . . Impact Corruptions . | . . . . . . . . . . . . . . . . . . . . . . . . . . . . . . . Robots Melted . | . . . . . . . . . . . . . . . . . . . . . . . . . . . . . . . Combat Hostiles . | . . . . . . . . . . . . . . . . . . . . . . . . . . . . . . . Parts Melted 7 | . . . . . 1 . . . . 1 . . . . . . . . . . . . . . . 3 . . . 2 Heat Transferred 1270 | . 125 150 . 70 925 . . . . . . . . . . . . . . . . . . . . . . . . . Parts Sabotaged . | . . . . . . . . . . . . . . . . . . . . . . . . . . . . . . . Parts Stolen . | . . . . . . . . . . . . . . . . . . . . . . . . . . . . . . . Parts Stripped . | . . . . . . . . . . . . . . . . . . . . . . . . . . . . . . . Power Chain Reactions . | . . . . . . . . . . . . . . . . . . . . . . . . . . . . . . . Alert | -11 -10 -10 -10 -9 -8 -8 -7 -7 -7 -7 -7 -7 -6 -6 -6 -6 -5 -5 -5 -5 -4 -4 -4 -4 -4 -3 -3 -2 -1 -1 ------- Run | Yrd Mat Min Exi Min Mat Gar Fac Gar Fac Gar Fac DSF Fac Gar Fac Gar Fac Upp Upp War Pro Fac Upp Upp Zhi Pro Res Res Acc Com Maximum Alert Level 5 | . . . . . 1 3 2 4 2 4 3 2 1 4 3 5 3 . . . . 1 . . . . . . . 2 Low Security (%) 47 | 100 100 100 . 100 97 18 . . . . . . . 9 . . . . . . . . . . . . 100 100 100 23 Level 1 14 | . . . . . 2 30 8 6 . 2 . . 100 5 . . . . . . . 100 . . . . . . . 71 Level 2 11 | . . . . . . 45 91 20 100 21 . 100 . 22 . 10 . . . . . . . . . . . . . 4 Level 3 18 | . . . . . . 6 . 72 . 49 100 . . 22 100 39 100 . . . . . . . . . . . . . Level 4 6 | . . . . . . . . . . 25 . . . 40 . 24 . . . . . . . . . . . . . . Level 5 1 | . . . . . . . . . . . . . . . . 26 . . . . . . . . . . . . . . High Security . | . . . . . . . . . . . . . . . . . . . . . . . . . . . . . . . Max Security . | . . . . . . . . . . . . . . . . . . . . . . . . . . . . . . . Sterilizations 1 | . . . . . . . . . . . . 1 . . . . . . . . . . . . . . . . . . Peak Influence 1709 | . 120 40 . 32 241 814 430 1134 595 1359 718 664 348 1489 811 1709 1067 . . . . 395 . . . . 165 164 169 469 Initial 896 | . . . . . . . 427 280 595 373 713 495 348 178 781 521 896 . . . . 370 . . . . 153 . 26 86 Average 398 | . 28 3 . 11 46 371 412 826 551 918 715 583 298 871 772 1153 917 . . . . 373 . . . . 57 41 118 239 Influence Increases 12004 | . 227 50 . 54 929 824 34 854 58 1026 5 259 107 1371 114 1398 493 50 200 219 197 340 270 115 15 110 582 464 349 1290 Destroy 0b10 Robot/C 5380 | . 180 40 . 40 560 460 . 280 20 480 . 180 40 580 40 620 160 20 100 180 140 . 200 40 . 80 120 280 180 360 Destroy 0b10 Robot/NC 240 | . 5 . . . 50 . 5 10 . . . 5 5 15 10 . 40 . . . 10 5 . . 15 10 20 5 10 20 Destroy Leader 698 | . 42 10 . 10 184 10 2 30 10 30 . 30 2 70 12 70 28 . 10 . 10 . 10 . . 20 22 22 12 52 Allied During Kill 148 | . . . . 4 4 . . . . 20 . 29 . . 23 37 . . . 24 7 . . . . . . . . . Trap Triggered on 0b10 30 | . . . . . 30 . . . . . . . . . . . . . . . . . . . . . . . . . Successful Hack 330 | . . . . . 31 . 11 24 28 . 5 . 14 . 10 . 59 . . . . 18 . . . . 72 10 39 9 Disable Machine 300 | . . . . . 15 15 . 30 . 60 . . 15 45 . 30 30 . . . . 15 . . . . . . 15 30 Anti-Garrison Action 1750 | . . . . . . 300 . 300 . 250 . . . 500 . 400 . . . . . . . . . . . . . . Destroy Structure 653 | . . . . . 10 39 1 60 . 81 . . 1 11 4 151 26 . . . . 2 . . . . 48 72 18 129 Advance Influence 450 | . . . . . . . . . . . . . . . . . . . . . . 300 . . . . 150 . . . Partial Spotted 285 | . . . . . . . 15 15 . . . . 15 15 . 15 90 . . . . . . . . . 30 15 15 60 Lose Combat Pursuer 1740 | . . . . . 45 . . 105 . 105 . 15 15 135 15 75 60 30 90 15 30 . 60 75 . . 120 60 60 630 Influence Decreases 11954 | . 227 50 . 54 928 11 447 121 659 200 656 303 516 137 858 434 1143 473 232 736 172 92 284 313 163 104 588 419 259 1375 Entered New Map 5873 | . . . . . . 1 387 121 539 160 646 213 316 77 708 224 813 393 122 604 87 42 134 67 148 . 3 . 19 49 Time Decay 4043 | . 207 50 . 34 582 . 60 . 120 . 10 . 140 . 130 . 310 80 110 72 65 50 140 246 15 94 350 322 230 626 Lost Part 890 | . 20 . . . 40 10 . . . 20 . 30 . 60 . 70 . . . . . . 10 . . 10 40 10 10 560 Lost Ally 667 | . . . . 20 20 . . . . 20 . 60 60 . 20 140 20 . . 60 20 . . . . . . 87 . 140 Purge Threat 481 | . . . . . 286 . . . . . . . . . . . . . . . . . . . . . 195 . . . Squads Dispatched 46 | . 2 . . . 4 . . . 1 . . 2 . . 3 . 4 . . . . 1 . . . . 7 3 5 14 Investigation 14 | . 1 . . . 1 . . . . . . . . . . . 1 . . . . 1 . . . . 3 3 2 2 Extermination 11 | . . . . . . . . . 1 . . . . . . . 1 . . . . . . . . . 2 . 2 5 Reinforcement 19 | . 1 . . . 3 . . . . . . 2 . . 2 . 1 . . . . . . . . . 2 . 1 7 Assault 1 | . . . . . . . . . . . . . . . . . 1 . . . . . . . . . . . . . Garrison 1 | . . . . . . . . . . . . . . . 1 . . . . . . . . . . . . . . . Intercept . | . . . . . . . . . . . . . . . . . . . . . . . . . . . . . . . Searches Triggered . | . . . . . . . . . . . . . . . . . . . . . . . . . . . . . . . Construction Impeded 2 | . . . . . . . . . . . . . . . 1 . 1 . . . . . . . . . . . . . Haulers Reinforced . | . . . . . . . . . . . . . . . . . . . . . . . . . . . . . . . Active Scanning Responses . | . . . . . . . . . . . . . . . . . . . . . . . . . . . . . . . Cargo Convoy Interrupts . | . . . . . . . . . . . . . . . . . . . . . . . . . . . . . . . Stealth | -11 -10 -10 -10 -9 -8 -8 -7 -7 -7 -7 -7 -7 -6 -6 -6 -6 -5 -5 -5 -5 -4 -4 -4 -4 -4 -3 -3 -2 -1 -1 --------- Run | Yrd Mat Min Exi Min Mat Gar Fac Gar Fac Gar Fac DSF Fac Gar Fac Gar Fac Upp Upp War Pro Fac Upp Upp Zhi Pro Res Res Acc Com Distress Signals 40 | . 1 1 . . 6 . . . . . . . . . 2 . 2 . . 1 . . . . . . 3 11 3 10 Communications Jammed . | . . . . . . . . . . . . . . . . . . . . . . . . . . . . . . . Distress Signals . | . . . . . . . . . . . . . . . . . . . . . . . . . . . . . . . Times Spotted 533 | . 15 3 . 2 42 16 1 17 . 25 . 11 1 33 6 28 21 . 11 37 15 1 16 8 . 5 20 16 33 150 Peak Tracking Total 74 | . 4 2 . 2 6 3 1 4 . 6 1 4 1 11 2 8 5 . 5 19 5 . 7 5 . 2 6 7 7 74 Tactical Retreats 51 | . . . . . 4 . . 3 . 3 . 1 1 4 1 2 2 1 2 1 1 . 2 1 . . 3 2 2 15 ECM-based Alert Blocks 1 | . . . . . 1 . . . . . . . . . . . . . . . . . . . . . . . . . Traps | -11 -10 -10 -10 -9 -8 -8 -7 -7 -7 -7 -7 -7 -6 -6 -6 -6 -5 -5 -5 -5 -4 -4 -4 -4 -4 -3 -3 -2 -1 -1 ------- Run | Yrd Mat Min Exi Min Mat Gar Fac Gar Fac Gar Fac DSF Fac Gar Fac Gar Fac Upp Upp War Pro Fac Upp Upp Zhi Pro Res Res Acc Com Traps Triggered 32 | . 3 . . . 2 . . 2 . 5 . 5 . 2 . 6 1 . . . . . . . . . 1 . . 5 Indirectly . | . . . . . . . . . . . . . . . . . . . . . . . . . . . . . . . Trap Hack Attempts . | . . . . . . . . . . . . . . . . . . . . . . . . . . . . . . . Triggered . | . . . . . . . . . . . . . . . . . . . . . . . . . . . . . . . Disarmed . | . . . . . . . . . . . . . . . . . . . . . . . . . . . . . . . Reprogrammed . | . . . . . . . . . . . . . . . . . . . . . . . . . . . . . . . Reused 5 | . . . . . 3 . . . . . . . . . . . . . . . . . . . . 2 . . . . Traps Extracted . | . . . . . . . . . . . . . . . . . . . . . . . . . . . . . . . Installed 6 | . . . . . 4 . . . . . . . . . . . . . . . . . . . . 2 . . . . Triggered 5 | . . . . . 3 . . . . . . . . . . . . . . . . . . . . 2 . . . . Most Traps Carried 4 | . . 4 4 4 4 . . . . . . . . . . . . . . . . . . . . 1 . . . . Machines | -11 -10 -10 -10 -9 -8 -8 -7 -7 -7 -7 -7 -7 -6 -6 -6 -6 -5 -5 -5 -5 -4 -4 -4 -4 -4 -3 -3 -2 -1 -1 ---------- Run | Yrd Mat Min Exi Min Mat Gar Fac Gar Fac Gar Fac DSF Fac Gar Fac Gar Fac Upp Upp War Pro Fac Upp Upp Zhi Pro Res Res Acc Com Machines Disabled 48 | . . . . . 1 4 . 6 . 9 . . 1 10 . 8 2 . . 2 . 1 . 1 . . . . 1 2 Max in Single Turn 1 | . . . . . 1 1 . 1 . 1 . . 1 1 . 1 1 . . 1 . 1 . 1 . . . . 1 1 Garrison Access 5 | . . . . . . . . . . . . . . . . . . . . . . 1 . . . . 3 1 . . Garrison Relay 22 | . . . . . . 3 . 4 . 4 . . . 5 . 6 . . . . . . . . . . . . . . Phase Generator 2 | . . . . . . . . . . . . . . 1 . . . . . . . . . . . . . . . 1 Machines Repaired . | . . . . . . . . . . . . . . . . . . . . . . . . . . . . . . . Machines Dismantled 6 | . . . . . . . . . . . . . . 3 . . . . . 2 . . . 1 . . . . . . Machines Sabotaged . | . . . . . . . . . . . . . . . . . . . . . . . . . . . . . . . Overloaded Fab Kills . | . . . . . . . . . . . . . . . . . . . . . . . . . . . . . . . Hacking | -11 -10 -10 -10 -9 -8 -8 -7 -7 -7 -7 -7 -7 -6 -6 -6 -6 -5 -5 -5 -5 -4 -4 -4 -4 -4 -3 -3 -2 -1 -1 --------- Run | Yrd Mat Min Exi Min Mat Gar Fac Gar Fac Gar Fac DSF Fac Gar Fac Gar Fac Upp Upp War Pro Fac Upp Upp Zhi Pro Res Res Acc Com Machines Accessed 112 | . 4 2 1 . 10 1 3 4 7 1 3 . 3 1 3 2 10 1 1 2 . 4 . 3 9 . 18 5 6 8 Terminals 59 | . 3 1 . . 7 1 2 4 . 1 3 . . 1 1 2 5 . . . . 2 . 1 . . 10 2 6 7 Fabricators 5 | . . . . . . . . . 1 . . . . . 1 . . . . . . . . . . . 2 1 . . Repair Stations 13 | . 1 . . . . . . . 4 . . . 1 . . . 2 . . . . 1 . . . . 2 1 . 1 Recycling Units 1 | . . . . . 1 . . . . . . . . . . . . . . . . . . . . . . . . . Scanalyzers 7 | . . . . . 1 . . . 1 . . . 1 . . . 3 . . . . . . . . . 1 . . . Garrison Access 10 | . . . . . 1 . 1 . 1 . . . 1 . 1 . . . . . . 1 . . . . 3 1 . . Total Hacks 282 | . 11 3 1 . 23 3 8 7 16 2 8 . 7 2 7 3 23 1 1 6 . 9 . 3 48 . 48 13 14 15 Successful 173 | . 4 2 1 . 14 . 5 4 6 . 3 . 5 . 4 1 12 1 1 6 . 5 . 3 48 . 23 9 10 6 Failed 106 | . 7 1 . . 8 3 2 3 10 2 5 . 1 2 3 2 11 . . . . 4 . . . . 25 4 4 9 Catastrophic 16 | . 1 . . . 1 . . . . . 2 . . . . 2 3 . . . . . . . . . 5 . . 2 Database Lockouts 3 | . . . . . 1 . 1 . . . . . 1 . . . . . . . . . . . . . . . . . Manual 92 | . 7 . 1 . 15 . 5 1 . . 5 . . 2 3 1 7 . . . . 5 . . . . 16 4 8 12 Terminals 138 | . 7 2 . . 16 3 7 7 . 2 8 . . 2 3 3 11 . . . . 6 . 1 . . 27 6 14 13 Fabricators 12 | . . . . . . . . . 1 . . . . . 2 . . . . . . . . . . . 6 3 . . Repair Stations 36 | . 4 . . . . . . . 11 . . . 2 . . . 5 . . . . 2 . . . . 8 2 . 2 Recycling Units 1 | . . . . . 1 . . . . . . . . . . . . . . . . . . . . . . . . . Scanalyzers 18 | . . . . . 4 . . . 1 . . . 3 . . . 7 . . . . . . . . . 3 . . . Garrison Access 17 | . . . . . 2 . 1 . 3 . . . 2 . 2 . . . . . . 1 . . . . 4 2 . . Terminal Hacks 100 | . 1 2 1 . 5 . 3 3 . . 2 . . . . 1 4 1 1 6 . 1 . 3 48 . 8 2 6 2 Record 45 | . . . . . . . 1 . . . . . . . . . . . . 6 . . . 2 36 . . . . . Part Schematic 5 | . 1 . . . . . . . . . . . . . . . . . . . . . . . 4 . . . . . Robot Schematic 1 | . . . . . . . 1 . . . . . . . . . . . . . . . . . . . . . . . Robot Analysis 6 | . . . . . . . . . . . . . . . . . . . . . . . . . 4 . 1 1 . . Prototype ID Bank 4 | . . . . . . . . . . . . . . . . . . . . . . . . . 4 . . . . . Open Door 8 | . . 1 . . . . . . . . . . . . . . . 1 1 . . . . 1 . . . . 3 1 Open DSF 2 | . . . . . . . 1 . . . 1 . . . . . . . . . . . . . . . . . . . Level Access Points 1 | . . . . . . . . . . . . . . . . . . . . . . . . . . . 1 . . . Branch Access Points 2 | . . . . . . . . . . . . . . . . . 1 . . . . . . . . . . . 1 . Emergency Access Points 3 | . . . . . . . . . . . . . . . . 1 1 . . . . . . . . . . . 1 . Garrison Index 1 | . . . . . 1 . . . . . . . . . . . . . . . . . . . . . . . . . Unreport Threat 4 | . . . . . 2 . . . . . . . . . . . . . . . . . . . . . 2 . . . Locate Traps 7 | . . . . . 1 . . . . . 1 . . . . . . . . . . 1 . . . . 3 . . 1 Recall Investigation 1 | . . . . . . . . . . . . . . . . . . . . . . . . . . . . 1 . . Recall Extermination 2 | . . . . . . . . . . . . . . . . . 1 . . . . . . . . . . . 1 . Recall Reinforcements 1 | . . . . . . . . . . . . . . . . . . . . . . . . . . . 1 . . . Zone Layout 3 | . . 1 . . 1 . . . . . . . . . . . 1 . . . . . . . . . . . . . Garrison Registry 1 | . . . . . . . . 1 . . . . . . . . . . . . . . . . . . . . . . Patrol Navigation 1 | . . . . . . . . 1 . . . . . . . . . . . . . . . . . . . . . . Security Stations 1 | . . . . . . . . 1 . . . . . . . . . . . . . . . . . . . . . . Proto ID Catalog 1 | . . . 1 . . . . . . . . . . . . . . . . . . . . . . . . . . . Fabricator Hacks 7 | . . . . . . . . . 1 . . . . . 2 . . . . . . . . . . . 2 2 . . Network Status 1 | . . . . . . . . . 1 . . . . . . . . . . . . . . . . . . . . . Load Schematic 3 | . . . . . . . . . . . . . . . 1 . . . . . . . . . . . 1 1 . . Build 3 | . . . . . . . . . . . . . . . 1 . . . . . . . . . . . 1 1 . . Repair Station Hacks 20 | . 2 . . . . . . . 4 . . . 2 . . . 2 . . . . 1 . . . . 5 2 . 2 Scan Component 12 | . 1 . . . . . . . 3 . . . 1 . . . 1 . . . . 1 . . . . 3 1 . 1 Repair 7 | . 1 . . . . . . . 1 . . . 1 . . . . . . . . . . . . . 2 1 . 1 Refit 1 | . . . . . . . . . . . . . . . . . 1 . . . . . . . . . . . . . Recycling Unit Hacks 1 | . . . . . 1 . . . . . . . . . . . . . . . . . . . . . . . . . Retrieve Matter 1 | . . . . . 1 . . . . . . . . . . . . . . . . . . . . . . . . . Scanalyzer 9 | . . . . . 2 . . . . . . . 2 . . . 4 . . . . . . . . . 1 . . . Retrieve Study 9 | . . . . . 2 . . . . . . . 2 . . . 4 . . . . . . . . . 1 . . . Garrison Access Hacks 10 | . . . . . 1 . 1 . 1 . . . 1 . 1 . . . . . . 1 . . . . 3 1 . . Unlock Access 5 | . . . . . 1 . 1 . 1 . . . 1 . 1 . . . . . . . . . . . . . . . Seal Access 5 | . . . . . . . . . . . . . . . . . . . . . . 1 . . . . 3 1 . . Unauthorized Hacks 26 | . 1 . . . 5 . 1 1 . . 1 . . . 1 . 2 . . . . 2 . . . . 4 2 4 2 Terminals 24 | . 1 . . . 5 . 1 1 . . 1 . . . 1 . 2 . . . . 2 . . . . 3 1 4 2 Assimilate 6 | . . . . . 1 . . . . . . . . . . . . . . . . 1 . . . . 1 . 2 1 Botnet 18 | . 1 . . . 4 . 1 1 . . 1 . . . 1 . 2 . . . . 1 . . . . 2 1 2 1 Fabricators 2 | . . . . . . . . . . . . . . . . . . . . . . . . . . . 1 1 . . Fabnet 2 | . . . . . . . . . . . . . . . . . . . . . . . . . . . 1 1 . . Repair Stations . | . . . . . . . . . . . . . . . . . . . . . . . . . . . . . . . Recycling Units . | . . . . . . . . . . . . . . . . . . . . . . . . . . . . . . . Scanalyzers . | . . . . . . . . . . . . . . . . . . . . . . . . . . . . . . . Garrison Access . | . . . . . . . . . . . . . . . . . . . . . . . . . . . . . . . Data Cores Recovered 6 | . . . . . . . . . . . . . . . . . 3 . . . . . . . . . 3 . . . Used 3 | . . . . . . . . . . . . . . . . . 2 . . . . . . . . . 1 . . . Hacking Detections 75 | . 3 1 . . 6 1 1 3 6 1 3 . 2 1 2 2 7 . . . . 3 . . . . 16 4 5 8 Full Trace Events 16 | . . . . . 3 1 . . . 1 . . . 1 . . 1 . . . . 1 . . . . 3 2 2 1 Feedback Events . | . . . . . . . . . . . . . . . . . . . . . . . . . . . . . . . Feedback Blocked . | . . . . . . . . . . . . . . . . . . . . . . . . . . . . . . . Robot Schematics Acquired 1 | . . . . . . . 1 . . . . . . . . . . . . . . . . . . . . . . . Robots Built 2 | . . . . . . . . . . . . . . . 2 . . . . . . . . . . . . . . . Authchips 1 | . . . . . . . . . . . . . . . 1 . . . . . . . . . . . . . . . Time 67 | . . . . . . . . . . . . . . . 67 . . . . . . . . . . . . . . . Total Robot Build Rating 8 | . . . . . . . . . . . . . . . 8 . . . . . . . . . . . . . . . Part Schematics Acquired 5 | . 1 . . . . . . . . . . . . . . . . . . . . . . . 4 . . . . . Parts Built 2 | . . . . . . . . . . . . . . . . . . . . . . . . . . . 1 1 . . Authchips . | . . . . . . . . . . . . . . . . . . . . . . . . . . . . . . . Time 374 | . . . . . . . . . . . . . . . . . . . . . . . . . . . 187 187 . . Total Part Build Rating 14 | . . . . . . . . . . . . . . . . . . . . . . . . . . . 7 7 . . Part Studies Acquired 9 | . . . . . 2 . . . . . . . 2 . . . 4 . . . . . . . . . 1 . . . Parts Repaired 7 | . 1 . . . . . . . 1 . . . 1 . . . . . . . . . . . . . 2 1 . 1 Time 338 | . 26 . . . . . . . 38 . . . 38 . . . . . . . . . . . . . 74 108 . 54 Parts Recycled . | . . . . . . . . . . . . . . . . . . . . . . . . . . . . . . . Recycled Matter . | . . . . . . . . . . . . . . . . . . . . . . . . . . . . . . . Retrieved Matter . | . . . . . . . . . . . . . . . . . . . . . . . . . . . . . . . Retrieved Components . | . . . . . . . . . . . . . . . . . . . . . . . . . . . . . . . Parts Scanalyzed . | . . . . . . . . . . . . . . . . . . . . . . . . . . . . . . . Part Schematics Acquired . | . . . . . . . . . . . . . . . . . . . . . . . . . . . . . . . Parts Damaged . | . . . . . . . . . . . . . . . . . . . . . . . . . . . . . . . Bothacking | -11 -10 -10 -10 -9 -8 -8 -7 -7 -7 -7 -7 -7 -6 -6 -6 -6 -5 -5 -5 -5 -4 -4 -4 -4 -4 -3 -3 -2 -1 -1 ------------ Run | Yrd Mat Min Exi Min Mat Gar Fac Gar Fac Gar Fac DSF Fac Gar Fac Gar Fac Upp Upp War Pro Fac Upp Upp Zhi Pro Res Res Acc Com Used RIF Installer . | . . . . . . . . . . . . . . . . . . . . . . . . . . . . . . . Robots Hacked 10 | . . . . . . . . . . . . . . . . . . . . . . . . . . . . 7 . 3 Non-combat . | . . . . . . . . . . . . . . . . . . . . . . . . . . . . . . . Combat 10 | . . . . . . . . . . . . . . . . . . . . . . . . . . . . 7 . 3 Robot Hacks Applied . | . . . . . . . . . . . . . . . . . . . . . . . . . . . . . . . Relay Couplers Released 88 | . . . . . . 15 . 15 . 14 . . . 21 . 23 . . . . . . . . . . . . . . Machine Destruction 88 | . . . . . . 15 . 15 . 14 . . . 21 . 23 . . . . . . . . . . . . . . Fabnet Peak Effective % 3 | . . . . . . . . . . . . . . . . . . . . . . . . . . . . 3 1 1 Autooverrided 10 | . . . . . . . . . . . . . . . . . . . . . . . . . . . . 7 . 3 Robots Rewired 22 | . . . . . . . . . . 6 . . 2 2 . 7 . . . 5 . . . . . . . . . . Allies Hacked 1 | . . . . . . . . . . . . . . . . 1 . . . . . . . . . . . . . . Hacks Repelled . | . . . . . . . . . . . . . . . . . . . . . . . . . . . . . . . Allies | -11 -10 -10 -10 -9 -8 -8 -7 -7 -7 -7 -7 -7 -6 -6 -6 -6 -5 -5 -5 -5 -4 -4 -4 -4 -4 -3 -3 -2 -1 -1 -------- Run | Yrd Mat Min Exi Min Mat Gar Fac Gar Fac Gar Fac DSF Fac Gar Fac Gar Fac Upp Upp War Pro Fac Upp Upp Zhi Pro Res Res Acc Com Total Allies 40 | . . 3 . . . . . . . 6 . . 2 2 2 7 . . . 5 . . . . . . 1 7 1 4 Largest Group 6 | . . 3 3 2 1 . . . . 5 5 5 3 2 4 6 1 . . 5 2 . . . . . 1 2 1 1 Highest-Rated Group 230 | . . 40 40 32 16 . . . . 95 95 95 69 76 150 156 32 . . 219 87 . . . . . 10 230 26 69 Highest-Rated Ally 148 | . . 16 16 16 16 . . . . 21 21 21 29 38 38 37 32 . . 46 46 . . . . . 10 148 26 69 Initial Warlord ECA Mod 53 | . . . . . . . 6 6 14 14 22 22 31 31 42 42 53 53 53 53 52 52 52 52 52 51 51 50 49 49 Total Orders 13 | . . . . . . . . . . 2 . . . 3 . 6 2 . . . . . . . . . . . . . STAY 7 | . . . . . . . . . . 1 . . . 2 . 3 1 . . . . . . . . . . . . . FOLLOW 6 | . . . . . . . . . . 1 . . . 1 . 3 1 . . . . . . . . . . . . . Ally Attacks 213 | . . 4 . 8 7 . . . . 19 . 42 12 . 17 14 1 . . 25 14 . . . . . . 25 . 25 Total Damage 4533 | . . 31 . 75 88 . . . . 192 . 542 253 . 364 463 43 . . 722 375 . . . . . . 765 . 620 Kills 31 | . . 1 . . 2 . . . . 3 . 5 2 . 3 4 . . . 3 3 . . . . . . 4 . 1 Allies Corrupted 3 | . . . . . . . . . . . . 1 . . . . . . . . . . . . . . . . . 2 Allies Melted 2 | . . . . . . . . . . . . . . . . . . . . . . . . . . . . 2 . . Intel | -11 -10 -10 -10 -9 -8 -8 -7 -7 -7 -7 -7 -7 -6 -6 -6 -6 -5 -5 -5 -5 -4 -4 -4 -4 -4 -3 -3 -2 -1 -1 ------- Run | Yrd Mat Min Exi Min Mat Gar Fac Gar Fac Gar Fac DSF Fac Gar Fac Gar Fac Upp Upp War Pro Fac Upp Upp Zhi Pro Res Res Acc Com Active Infowar (turns) 8173 | . 237 . . . 280 . . . . . . . . . . . 88 170 236 597 143 113 298 535 205 550 1168 1171 498 1884 Optics 7340 | . . . . . . . . . . . . . . . . . 88 170 236 597 143 113 298 535 205 550 1168 1171 498 1568 Sensors 1323 | . . . . . . . . . . . . . . . . . . . . . . . 291 495 196 341 . . . . Structural 237 | . 237 . . . . . . . . . . . . . . . . . . . . . . . . . . . . . Decoding 3070 | . . . . . . . . . . . . . . . . . . . . . . 113 298 535 205 550 1168 201 . . Cloaking 316 | . . . . . . . . . . . . . . . . . . . . . . . . . . . . . . 316 ECM 280 | . . . . . 280 . . . . . . . . . . . . . . . . . . . . . . . . . Robot Analysis Total 6 | . . . . . . . . . . . . . . . . . . . . . . . . . 4 . 1 1 . . Derelict Logs Recovered 11 | . . 2 . . . . . . . . . . . . . . . 2 2 . 2 . 2 1 . . . . . . Drone Launches 4 | . . . . . . . . . . . . . . . . . . . . . . . . . . . . . . 4 Drone Recoveries . | . . . . . . . . . . . . . . . . . . . . . . . . . . . . . . . Decoded 0b10 Intel 25 | . . . . . . . . . . . . . . . . . . . . . . 2 . . . . 20 3 . . Traps 19 | . . . . . . . . . . . . . . . . . . . . . . 2 . . . . 16 1 . . Emergency Access 5 | . . . . . . . . . . . . . . . . . . . . . . . . . . . 3 2 . . Exits 1 | . . . . . . . . . . . . . . . . . . . . . . . . . . . 1 . . . Exploration | -11 -10 -10 -10 -9 -8 -8 -7 -7 -7 -7 -7 -7 -6 -6 -6 -6 -5 -5 -5 -5 -4 -4 -4 -4 -4 -3 -3 -2 -1 -1 ------------- Run | Yrd Mat Min Exi Min Mat Gar Fac Gar Fac Gar Fac DSF Fac Gar Fac Gar Fac Upp Upp War Pro Fac Upp Upp Zhi Pro Res Res Acc Com Turns Passed 20919 | 94 896 609 355 128 3128 1307 135 1205 245 1104 25 171 291 1216 277 1206 696 170 236 597 143 113 298 535 205 550 1168 1171 498 2147 Spaces Moved 28538 | 54 267 346 219 69 1203 587 301 1101 625 1248 53 109 570 1746 665 1108 1690 803 911 1645 390 412 752 1126 280 1236 1988 2604 1189 3241 Core 132 | 3 . . . . . . . . . . . . . . . . . . . . . . . . . . . . . 129 Treads 2754 | 51 267 346 219 69 1203 587 . . . . . . . . . . . . . . . . . . . . . . . 12 Legs 261 | . . . . . . . . . . . . . . . . . . . . . . . . . . . . . . 261 Wheels . | . . . . . . . . . . . . . . . . . . . . . . . . . . . . . . . Hover . | . . . . . . . . . . . . . . . . . . . . . . . . . . . . . . . Flight 25391 | . . . . . . . 301 1101 625 1248 53 109 570 1746 665 1108 1690 803 911 1645 390 412 752 1126 280 1236 1988 2604 1189 2839 Fastest Speed 7 | 50 160 160 160 160 160 166 26 26 26 27 27 27 20 20 20 20 17 17 17 17 21 21 21 21 21 21 14 18 21 7 Average Speed 38 | 153 160 160 160 160 161 172 26 26 26 34 27 33 20 22 20 20 17 17 18 18 21 21 21 29 61 33 21 21 22 38 Slowest Speed 250 | 160 160 160 160 160 245 250 26 26 27 102 27 84 20 100 23 91 20 17 19 21 21 21 25 94 94 94 101 94 100 250 Overloaded Moves 98 | . . . . . . . . . . . . . . . . . . . . . . . . . . . 18 . . 80 Propulsion Burnouts . | . . . . . . . . . . . . . . . . . . . . . . . . . . . . . . . Robots Hopped 94 | . . . . . . . . . . . . . 16 . 1 2 11 . . . . 7 1 . . . 10 16 8 22 Potential Cave-ins 16 | . . . . . . . . . . . . . . . . . . . . . . . . . . . . . . 16 Cave-ins Triggered 1 | . . . . . . . . . . . . . . . . . . . . . . . . . . . . . . 1 Exploration Rate (%) 53 | 4 57 76 60 15 68 58 10 70 13 64 1 79 14 88 14 83 29 80 87 93 65 10 86 89 63 88 42 56 22 64 Regions Visited 30 Branch Regions 12 Pre-discovered Areas 7 | . . 1 . . . . . . . . . . . . . . . 1 . . 1 . 1 . 3 . . . . . Known Exits Taken 11 | . . . . . 1 . 1 . 1 . 1 . 1 . 1 . 1 1 . . . . . . . 1 1 . 1 . Unknown Exits Taken 13 | 1 1 1 1 1 . . . . . . . . . . . . . . 1 1 1 1 1 1 1 . . 1 . . Scrap Searched 17 | . . 1 . . . . . . . . . . . . . . . 1 4 . 3 . 1 3 . 4 . . . . Spaces Dug 62 | . . . . . 9 . . . . 4 . . 1 1 4 1 4 . . 2 . 1 2 . . . 24 . 5 4 Terrain Destroyed 296 | . . . . . 9 38 . . . 79 . . 1 4 4 14 8 . 30 2 . 1 2 . . . 29 9 7 59 Melee 61 | . . . . . 9 . . . . 4 . . 1 1 4 1 4 . . 2 . 1 1 . . . 24 . 5 4 Projectile 23 | . . . . . . . . . . 1 . . . 3 . 1 4 . . . . . 1 . . . 5 2 2 4 AOE 212 | . . . . . . 38 . . . 74 . . . . . 12 . . 30 . . . . . . . . 7 . 51 Terrain Rammed . | . . . . . . . . . . . . . . . . . . . . . . . . . . . . . . . Walls Destroyed . | . . . . . . . . . . . . . . . . . . . . . . . . . . . . . . . Machines Disabled . | . . . . . . . . . . . . . . . . . . . . . . . . . . . . . . . Actions | -11 -10 -10 -10 -9 -8 -8 -7 -7 -7 -7 -7 -7 -6 -6 -6 -6 -5 -5 -5 -5 -4 -4 -4 -4 -4 -3 -3 -2 -1 -1 --------- Run | Yrd Mat Min Exi Min Mat Gar Fac Gar Fac Gar Fac DSF Fac Gar Fac Gar Fac Upp Upp War Pro Fac Upp Upp Zhi Pro Res Res Acc Com Total 36712 | 63 662 388 226 80 2233 781 358 1917 698 1820 62 221 720 2360 793 1970 1999 828 968 1868 424 427 814 1303 308 1334 2633 3175 1336 3943 Wait 5772 | . 320 28 1 5 813 112 15 686 58 352 10 17 128 405 91 511 220 22 38 126 12 13 16 147 3 45 538 513 87 440 Move 28342 | 53 266 345 218 68 1202 586 301 1100 624 1247 52 108 544 1745 663 1103 1668 802 910 1644 389 397 749 1125 279 1235 1968 2576 1173 3202 Hop 74 | . . . . . . . . . . . . . 9 . 1 2 10 . . . . 7 1 . . . 10 11 7 16 Pick Up 181 | 3 14 5 2 1 38 . 14 3 2 4 . 3 6 11 5 9 13 . 2 4 . 2 1 2 2 6 14 7 . 8 Fast Attach 239 | 6 2 . . . 11 1 2 2 3 3 . 5 1 13 7 6 4 . 4 9 2 . 1 3 8 2 10 16 9 109 Attach 92 | . 2 . . 2 9 . 8 1 . 3 . 5 4 6 1 10 4 . . 2 . 2 1 3 1 5 9 4 1 9 Detach 32 | . . . 2 . . . . . . . . 3 . 1 . 4 2 . . . . . 1 2 . 2 1 2 1 11 Swap 185 | . 6 . . . 22 14 3 17 5 16 . 4 6 12 5 13 13 1 3 7 2 2 2 5 2 1 3 5 8 8 Drop 266 | 1 6 2 3 . 36 . 13 6 5 6 . 5 4 18 10 7 14 . 6 15 2 1 2 3 9 6 15 21 6 44 Fire 591 | . 46 8 . 4 68 42 2 33 1 46 . 13 2 53 1 18 27 3 5 13 9 . 39 6 . 22 11 19 37 63 Melee 360 | . . . . . 25 26 . 39 . 14 . 1 2 35 9 74 24 . . 2 8 3 1 . 4 8 54 1 7 23 Ram 1 | . . . . . . . . . . . . . . . . . . . . . . . . . . . . . . 1 Kick . | . . . . . . . . . . . . . . . . . . . . . . . . . . . . . . . Crush 5 | . . . . . 5 . . . . . . . . . . . . . . . . . . . . . . . . . Escape Stasis 275 | . . . . . . . . 30 . 75 . 57 . 26 . 79 . . . . . . . . . . . . . 8 Rewire 238 | . . . . . . . . . . 54 . . 13 9 . 134 . . . 28 . . . . . . . . . . Trap 6 | . . . . . 4 . . . . . . . . . . . . . . . . . . . . 2 . . . . Miscellaneous 53 | . . . . . . . . . . . . . 1 26 . . . . . 18 . . . 7 . . . . . 1 Route ------- -11/Scrapyard -10/Materials (discovered 2 exits: [*Mat] / *Min) -10/Mines (discovered 2 exits: [*Mat] / *Exi) -10/Exiles -9/Mines -8/Materials (discovered 3 exits: *Fac x2 / Gar) -8/Garrison (discovered 2 exits: *Fac x2) -7/Factory (discovered 2 exits: Gar / DSF) -7/Garrison (discovered 3 exits: *Fac x3) -7/Factory -7/Garrison (discovered 4 exits: *Fac x3 / *Fac) -7/Factory -7/DSF -6/Factory -6/Garrison (discovered 3 exits: *Fac x3) -6/Factory (discovered 2 exits: *Fac / Gar) -6/Garrison (discovered 2 exits: *Fac x2) -5/Factory (discovered 4 exits: *Upp x2 / Ext x2) -5/Upper Caves -5/Upper Caves (discovered 2 exits: *Fac / *War) -5/Warlord -4/Proximity Caves -4/Factory (discovered 2 exits: Res / [*Upp]) -4/Upper Caves -4/Upper Caves (discovered 2 exits: *Res / *Zhi) -4/Zhirov -3/Proximity Caves -3/Research (discovered 5 exits: *Res x3 / *Tes x2) -2/Research (discovered 3 exits: *Acc x2 / [*Qua]) -1/Access -1/Command History --------- Turn | Location | Event 39 | -11/Scrapyard | Discovered new exit (range 15) 95 | -11/Scrapyard | Entered Materials 292 | -10/Materials | Repaired Lgt. Assault Rifle 313 | -10/Materials | Build established: Mutant 519 | -10/Materials | Discovered new exit (range 3) 579 | -10/Materials | Discovered new exit (range 8) 991 | -10/Materials | Entered Mines 1002 | -10/Mines | Met a Derelict bent on vengeance 1057 | -10/Mines | Met a Derelict who couldn't figure out how to use a Trap Extractor 1108 | -10/Mines | Learned location of 1 exit from Materials 1129 | -10/Mines | Assembled infested the area 1237 | -10/Mines | Learned location of Zion (-6) 1248 | -10/Mines | Assisted by bots powering up and referring to "LRC-V3" 1273 | -10/Mines | Found a hidden stash of uninstalled traps 1362 | -10/Mines | Core integrity fell below 50% 1380 | -10/Mines | Discovered new exit (range 7) 1544 | -10/Mines | Deemed a non-threat by the Exiles lab entrance 1544 | -10/Mines | Discovered new exit (range 5) 1600 | -10/Mines | Entered Exiles 1600 | -10/Exiles | Accompanied by 3 allies 1647 | -10/Exiles | Met 8R-AWN 1667 | -10/Exiles | Met EX-HEX 1717 | -10/Exiles | Met EX-BIN 1736 | -10/Exiles | Aligned with FarCom system 1738 | -10/Exiles | Given EX-Vault access code 1776 | -10/Exiles | Opened EX-Vault 1794 | -10/Exiles | Found Longsword +1 1829 | -10/Exiles | Warned to stay clear of 0b10 Research branches 1879 | -10/Exiles | Met EX-DEC 1933 | -10/Exiles | Discovered new exit (range 12) 1955 | -10/Exiles | Left Exiles lab with Longsword +1 1955 | -10/Exiles | Entered Mines 1955 | -9/Mines | Accompanied by 3 allies 2001 | -9/Mines | Discovered new exit (range 10) 2083 | -9/Mines | Entered Materials 2083 | -8/Materials | Accompanied by 1 ally 2083 | -8/Materials | Evolved 4 slots: Propulsion x1, Utility x3 2084 | -8/Materials | Identified exit to Factory 2507 | -8/Materials | Central database locked down 3315 | -8/Materials | Build established: Scavenger-Mutant 4062 | -8/Materials | Discovered exit to Factory (range 15) 4098 | -8/Materials | Build established: Mutant 4495 | -8/Materials | Lost 3 parts (1n1u1w) 4768 | -8/Materials | Identified exit to Garrison 5211 | -8/Materials | Entered Garrison 5299 | -8/Garrison | Triggered checkpoint 5350 | -8/Garrison | Garrison Relay disabled 5562 | -8/Garrison | Triggered checkpoint 5745 | -8/Garrison | Triggered checkpoint 6075 | -8/Garrison | Discovered exit to Factory (range 13) 6104 | -8/Garrison | Triggered checkpoint 6171 | -8/Garrison | Garrison Relay disabled 6271 | -8/Garrison | Triggered checkpoint 6294 | -8/Garrison | Core integrity fell below 50% 6399 | -8/Garrison | Discovered exit to Factory (range 12) 6436 | -8/Garrison | Triggered checkpoint 6460 | -8/Garrison | Garrison Relay disabled 6518 | -8/Garrison | Entered Factory 6518 | -7/Factory | Evolved 2 slots: Propulsion x1, Weapon x1 6598 | -7/Factory | Identified exit to DSF 6650 | -7/Factory | Central database locked down 6653 | -7/Factory | Identified exit to Garrison 6653 | -7/Factory | Entered Garrison 6657 | -7/Garrison | Discovered new exit (range 68) 6657 | -7/Garrison | Discovered new exit (range 84) 6657 | -7/Garrison | Discovered new exit (range 57) 6671 | -7/Garrison | Garrison Relay disabled 6715 | -7/Garrison | Triggered checkpoint 6786 | -7/Garrison | Garrison Relay disabled 6797 | -7/Garrison | Triggered checkpoint 6814 | -7/Garrison | Triggered checkpoint 6816 | -7/Garrison | Build established: Sprinter 6870 | -7/Garrison | Learned Factory security intel 6902 | -7/Garrison | Triggered checkpoint 6906 | -7/Garrison | Garrison Relay disabled 7257 | -7/Garrison | Triggered checkpoint 7258 | -7/Garrison | Garrison Relay disabled 7858 | -7/Garrison | Entered Factory 7924 | -7/Factory | Repaired Adv. Weight Redist. System 8097 | -7/Factory | Identified exit to Garrison 8103 | -7/Factory | Entered Garrison 8185 | -7/Garrison | Triggered checkpoint 8431 | -7/Garrison | Discovered new exit (range 9) 8445 | -7/Garrison | Triggered checkpoint 8638 | -7/Garrison | Discovered new exit (range 10) 8663 | -7/Garrison | Discovered new exit (range 5) 8719 | -7/Garrison | Triggered checkpoint 8745 | -7/Garrison | Triggered checkpoint 8785 | -7/Garrison | Garrison Relay disabled 8833 | -7/Garrison | Triggered checkpoint 8881 | -7/Garrison | Discovered new exit (range 10) 8911 | -7/Garrison | Triggered checkpoint 8920 | -7/Garrison | Garrison Relay disabled 9012 | -7/Garrison | Triggered checkpoint 9077 | -7/Garrison | Garrison Relay disabled 9080 | -7/Garrison | Garrison Relay disabled 9207 | -7/Garrison | Entered Factory 9207 | -7/Factory | Accompanied by 5 allies 9208 | -7/Factory | Identified exit to DSF 9232 | -7/Factory | Entered DSF 9232 | -7/DSF | Accompanied by 5 allies 9259 | -7/DSF | Additional patrols routed to DSF 9311 | -7/DSF | Lost 3 parts (1p2w) 9330 | -7/DSF | Lost 4 allies 9343 | -7/DSF | Discovered new exit (range 16) 9383 | -7/DSF | Sterilization system engaged 9403 | -7/DSF | Ambient heat levels rising (+10) 9403 | -7/DSF | Entered Factory 9403 | -6/Factory | Accompanied by 1 ally 9403 | -6/Factory | Evolved 2 slots: Propulsion x2 9438 | -6/Factory | Central database locked down 9516 | -6/Factory | Repaired Adv. Weight Redist. System 9545 | -6/Factory | Identified exit to Garrison 9694 | -6/Factory | Entered Garrison 9805 | -6/Garrison | Build established: Scavenger-Sprinter 9837 | -6/Garrison | Triggered checkpoint 9841 | -6/Garrison | Garrison Relay disabled 9880 | -6/Garrison | Triggered checkpoint 10014 | -6/Garrison | Phase Generator disabled 10455 | -6/Garrison | Discovered new exit (range 3) 10460 | -6/Garrison | Garrison Relay disabled 10540 | -6/Garrison | Discovered new exit (range 10) 10547 | -6/Garrison | Garrison Relay disabled 10575 | -6/Garrison | Discovered new exit (range 10) 10606 | -6/Garrison | Garrison Relay disabled 10612 | -6/Garrison | Garrison Relay disabled 10910 | -6/Garrison | Entered Factory 10910 | -6/Factory | Accompanied by 2 allies 10992 | -6/Factory | Fabricated P-60 Hacker? 11155 | -6/Factory | Discovered new exit (range 16) 11165 | -6/Factory | Identified exit to Garrison 11187 | -6/Factory | Entered Garrison 11187 | -6/Garrison | Accompanied by 1 ally 11232 | -6/Garrison | Garrison Relay disabled 11341 | -6/Garrison | Destroyed 8 combat bots 11396 | -6/Garrison | Build established: Sprinter 11624 | -6/Garrison | Triggered checkpoint 11655 | -6/Garrison | Spotted B-75 Beast 11656 | -6/Garrison | Destroyed 7 combat bots 11671 | -6/Garrison | Triggered checkpoint 11691 | -6/Garrison | Allies destroyed B-75 Beast 11736 | -6/Garrison | Lost 3 parts (3p) 11748 | -6/Garrison | Lost 5 allies 11751 | -6/Garrison | Discovered new exit (range 5) 11765 | -6/Garrison | Triggered checkpoint 11782 | -6/Garrison | Garrison Relay disabled 11785 | -6/Garrison | Garrison Relay disabled 11909 | -6/Garrison | Discovered new exit (range 5) 11927 | -6/Garrison | Garrison Relay disabled 11935 | -6/Garrison | Triggered checkpoint 11982 | -6/Garrison | Garrison Relay disabled 12022 | -6/Garrison | Garrison Relay disabled 12043 | -6/Garrison | Spotted B-75 Beast 12163 | -6/Garrison | Build established: Scavenger-Sprinter 12393 | -6/Garrison | Entered Factory 12393 | -5/Factory | Accompanied by 1 ally 12393 | -5/Factory | Evolved 2 slots: Power x1, Propulsion x1 12913 | -5/Factory | Identified exit to Upper Caves 12913 | -5/Factory | Identified exit to Extension 12993 | -5/Factory | First assault squad dispatched 13089 | -5/Factory | Entered Upper Caves 13095 | -5/Upper Caves | Met a Warlord Commander 13096 | -5/Upper Caves | Learned location of Warlord (-5) 13097 | -5/Upper Caves | Warlord Commander delivered Encrypted Comm Array 13191 | -5/Upper Caves | Identified exit to Upper Caves 13245 | -5/Upper Caves | Learned Factory stockpile data 13259 | -5/Upper Caves | Entered another Upper Caves area 13260 | -5/Upper Caves | Encountered a Warlord checkpoint 13263 | -5/Upper Caves | Discovered new exit (range 15) 13316 | -5/Upper Caves | Found DCF Scrap (11 items) 13327 | -5/Upper Caves | Entered a destroyed Warlord outpost 13349 | -5/Upper Caves | Learned Factory terminal intel 13351 | -5/Upper Caves | Discovered new exit (range 14) 13438 | -5/Upper Caves | Learned 12 Factory zone layouts 13495 | -5/Upper Caves | Entered Warlord 13680 | -5/Warlord | Warlord's base attacked by MAIN.C 13695 | -5/Warlord | Met Warlord 13716 | -5/Warlord | Found Prototype Energy Gun 13716 | -5/Warlord | Identified Vortex Shotgun 13846 | -5/Warlord | Found Prototype Device 13846 | -5/Warlord | Identified Exp. Phase Shifter 13851 | -5/Warlord | Found Prototype Processor 13851 | -5/Warlord | Identified Exp. Target Analyzer 13855 | -5/Warlord | Found Prototype Hackware 13855 | -5/Warlord | Identified System Mapper 13872 | -5/Warlord | Found Prototype Reactor 13894 | -5/Warlord | Build established: Commander-Sprinter 13903 | -5/Warlord | Warlord forces counterattacked 13981 | -5/Warlord | Spotted Executioner 13985 | -5/Warlord | Spotted Striker 14014 | -5/Warlord | Allies destroyed Striker 14044 | -5/Warlord | Discovered new exit (range 14) 14063 | -5/Warlord | Lost 18 allies 14092 | -5/Warlord | Entered Proximity Caves 14092 | -4/Proximity Caves | Accompanied by 2 allies 14098 | -4/Proximity Caves | Spotter reported a threat 14161 | -4/Proximity Caves | Spotter reported a threat 14169 | -4/Proximity Caves | Learned Research interactive machine intel 14178 | -4/Proximity Caves | Learned location of Quarantine (-2) 14233 | -4/Proximity Caves | Discovered new exit (range 9) 14235 | -4/Proximity Caves | Entered Factory 14235 | -4/Factory | Evolved 2 slots: Utility x2 14236 | -4/Factory | Identified exit to Research 14238 | -4/Factory | Loaded intel: 26 terminal locations 14320 | -4/Factory | Build established: Hacker-Sprinter 14340 | -4/Factory | Discovered new exit (range 5) 14348 | -4/Factory | Entered Upper Caves 14527 | -4/Upper Caves | Attracted the attention of an 0b10 outpost 14589 | -4/Upper Caves | Spotted B-86 Titan 14642 | -4/Upper Caves | Discovered new exit (range 13) 14646 | -4/Upper Caves | Entered another Upper Caves area 14707 | -4/Upper Caves | Found Alien Artifact 14707 | -4/Upper Caves | Identified Dimensional Node Initializer 14707 | -4/Upper Caves | Initialized slip node 14761 | -4/Upper Caves | Discovered exit to Research (range 6) 14771 | -4/Upper Caves | Learned Research machine intel 15081 | -4/Upper Caves | Discovered new exit (range 18) 15084 | -4/Upper Caves | Encountered a Warlord checkpoint 15127 | -4/Upper Caves | Attracted the attention of an 0b10 checkpoint 15181 | -4/Upper Caves | Entered Zhirov 15181 | -4/Zhirov | Discovered new exit (range 3) 15215 | -4/Zhirov | Learned location of Testing (-3) 15215 | -4/Zhirov | Learned location of Command (-1) 15252 | -4/Zhirov | Found Alien Artifact 15252 | -4/Zhirov | Identified Integrated Reactor 15252 | -4/Zhirov | Installed Integrated Reactor, increased core energy generation (+10) 15313 | -4/Zhirov | Identified Vortex Chain Reactor 15386 | -4/Zhirov | Entered Proximity Caves 15389 | -3/Proximity Caves | Spotter reported a threat 15661 | -3/Proximity Caves | Spotted B-86 Titan 15884 | -3/Proximity Caves | Destroyed B-86 Titan 15933 | -3/Proximity Caves | Discovered exit to Research (range 13) 15936 | -3/Proximity Caves | Entered Research 15936 | -3/Research | Evolved 2 slots: Utility x2 15937 | -3/Research | Identified exit to Testing 15938 | -3/Research | Loaded intel: 123 machine locations 15939 | -3/Research | Loaded intel: 46 interactive machine locations 16003 | -3/Research | Repaired Exp. Weapon Shielding 16230 | -3/Research | Repaired Impulse Thruster Array 16298 | -3/Research | Found Fusion Bomb Launcher 16416 | -3/Research | Identified exit to Research 16416 | -3/Research | Watched by a mysterious "MATRIX" hacker 16732 | -3/Research | Found Adv. Kinecellerator 16967 | -3/Research | Fabricated Assault Drone Bay (x1) 16986 | -3/Research | Lost 3 parts (1p2w) 17104 | -3/Research | Entered another Research area 17104 | -2/Research | Warlord forces began assault on 0b10 17104 | -2/Research | Evolved 2 slots: Propulsion x1, Utility x1 17118 | -2/Research | Discovered new exit (range 18) 17129 | -2/Research | Distinguished unit "Knights of the Pentagonal Table" dispatched to help 17129 | -2/Research | Distinguished unit "Golden Rifle" dispatched to help 17141 | -2/Research | Spotted B-90 Cyclops 17214 | -2/Research | Research machine network offline 17231 | -2/Research | Lost 5 allies 17261 | -2/Research | P-80 Master assimilated allied 5A-4CI(g) 17293 | -2/Research | Repaired Adv. Kinecellerator 17294 | -2/Research | Fabricated Assault Drone Bay? 17356 | -2/Research | Discovered new exit (range 21) 17384 | -2/Research | Spotted Executioner 17413 | -2/Research | Met up with Warlord 17419 | -2/Research | Found Adv. Powered Armor 17504 | -2/Research | Borebot progress halted 17692 | -2/Research | Spotted Striker 17765 | -2/Research | Found Prototype Launcher 17765 | -2/Research | Identified Point Singularity Launcher 17802 | -2/Research | Borebot progress halted 17809 | -2/Research | Discovered new exit (range 13) 17814 | -2/Research | Spotted Striker 17936 | -2/Research | Borebot progress halted 18104 | -2/Research | Warlord invited to help at Command 18104 | -2/Research | Given Cave Seal Controls access code 18275 | -2/Research | Entered Access 18275 | -1/Access | Evolved 2 slots: Utility x2 18282 | -1/Access | Identified exit to Command 18512 | -1/Access | Spotted B-99 Colossus 18773 | -1/Access | Entered Command 18773 | -1/Command | Accompanied by 1 ally 18888 | -1/Command | Build established: Wizard-Sprinter 18933 | -1/Command | Spotted B-99 Colossus 18994 | -1/Command | Disengaged cave seal 18994 | -1/Command | Derelicts emerged from the dark tunnel 18994 | -1/Command | Welcomed Warlord to Command 19066 | -1/Command | Repaired Adv. Kinecellerator 19070 | -1/Command | Phase Generator disabled 19101 | -1/Command | Lost 3 allies 19231 | -1/Command | P-80 Master assimilated allied VP-AVB(g) 19253 | -1/Command | Disengaged cave seal 19253 | -1/Command | Derelicts emerged from the dark tunnel 19257 | -1/Command | Spotted B-99 Colossus 19303 | -1/Command | Destroyed B-99 Colossus 19309 | -1/Command | Lost 5 allies 19381 | -1/Command | Derelicts emerged from the dark tunnel 19497 | -1/Command | Derelicts emerged from the dark tunnel 19632 | -1/Command | Build established: Scavenger-Mutant 19678 | -1/Command | Spotted Executioner 19679 | -1/Command | Spotted Alpha 7 19756 | -1/Command | Lost 3 parts (2n1u) 19791 | -1/Command | Spotted M Guard 19791 | -1/Command | Spotted M Guard 19791 | -1/Command | Spotted Combat Programmer 19791 | -1/Command | Spotted Combat Programmer 19797 | -1/Command | Lost 16 allies 19880 | -1/Command | Lost 6 parts (1p5n) 19910 | -1/Command | Destroyed Combat Programmer 19913 | -1/Command | Spotted Striker 19953 | -1/Command | Lost 17 parts (2p6n5u4w) 19984 | -1/Command | Lost 4 allies 19997 | -1/Command | All MAIN.C guards destroyed 20008 | -1/Command | Found Prototype Launcher 20008 | -1/Command | Identified Hellfire Missile Launcher 20097 | -1/Command | Crushed by falling debris 20098 | -1/Command | System corruption reached 10% 20202 | -1/Command | Warlord commented on Warlord statues 20241 | -1/Command | Met MAIN.C 20247 | -1/Command | 0b10 Conduit disabled 20277 | -1/Command | Warlord shut down involuntarily 20328 | -1/Command | Lost 5 allies 20332 | -1/Command | Lost 4 parts (3n1u) 20341 | -1/Command | Released all parts (15) 20364 | -1/Command | Spotted Alpha 7 20364 | -1/Command | Spotted Striker 20364 | -1/Command | Spotted Executioner 20364 | -1/Command | Spotted Executioner 20364 | -1/Command | Spotted Executioner 20367 | -1/Command | Core integrity fell below 50% 20372 | -1/Command | Lost 4 parts (3n1u) 20510 | -1/Command | Found Prototype Launcher 20510 | -1/Command | Identified Enh. Gamma Bomb Array 20590 | -1/Command | Found Exp. Melee Analysis Suite 20687 | -1/Command | Build established: Scavenger-Sprinter 20910 | -1/Command | Spotted B-99 Colossus 20910 | -1/Command | Spotted B-99 Colossus 20918 | -1/Command | Core integrity fell below 20% 20920 | -1/Command | Destroyed by Executioner with Helical Railgun Last Messages --------------- 20916_ Adv. Heat Sink destroyed. 20916_ Penetrated by Slug. 20916_ Slug penetrates Alpha 7. 20917_ Wall collapses. 20917_ Field strength at 5. 20918_ Penetrated by Slug. 20918_ Stasis field depleted. 20918_ Triggered Stasis Trap. 20918_ A bubble of rippling energy engulfs the area. 20918_ Field strength at 94. 20919_ Penetrated by Slug. 20919_ Slug penetrates Alpha 7. 20919_ Field strength at 61. 20920_ System corrupted: Matter fused (-5). 20920_ Penetrated by Slug. 20920_ Slug penetrates Door. 20920_ Adv. Melee Analysis Suite destroyed. 20920_ Penetrated by Slug. 20920_ Slug penetrates Wall. Map ----- +----------------------------------------------------+ | ????????????# " # #? #?? | | ????????????# """ # * #? #?? | | ????????????# "T # # "" #?? | | ????????????# """ # # """" #?? | | ????????????# + " + """" #?? | | ????????????# # """ # "" #?? | | ????????????# +^ T" # #?? | | ????????????# [ # """ #? #?? | | ????????????#=%= " =# " #?#########?? | | ????????????# " # +???????????? | | ???????????## # #???????????? | | ??????????## # +???????????? | | ?????????## * ###########+###+#???????????? | | ?????????### ]######???????????????????????????? | | ?????????# ## # ## #????????????????????????????? | | ?????????# ! ## #????????????????????????????? | | ?????????# ###????????????????????????????? | | ?????????# # #????????????????????????##### | | ?????????# ## #????????????????????????# | | ????????## # #????????????######??????# ! | | ???????##" ##??????????? ??????# ] | | ??????#### ###?########?# ?????# | | ?????## ## # ###;7# # # ;BB ???????# | | ?????## # ## % E E BB "??????????# | | ?????# # ; ^ "??????????# | | ?????##### ; % @ ^"??????????# | | ?????## ; % % "??????????# | | ?????### # ! + ^ "??????????##### | | ?????## # ;""#; ^ ^E^E BB "??????????????# | | ?????## ## ##;;7# # # ;BB ^????????????# | | ###### ### [! ############ ??????????# | | # #= ## *! %#??????????? ??????????# | | # # # # %=% ##???????????######??????????# | | ### % ### [! #???????????????????????????# | | ##### %# # #???????????????????????????# | | * # ##??????????????????????????# | | # g # ###????????????????????????# | | # ] ####??????????###????????# | | # % # # ############=######???# | | # ### # # | #!*! # [%! ##### | | ! # # # /%/###* [ # !*= + | | %# ### # % !%!%%=*!!=" ##### | | ![ # #?# # # =!%/%*%!!=/" #???? | | #####?# ### ## ! *##!=#%#"% #???? | | ####?????# ### # ! ##!##=" " #???? | | #????????# #?# ###" *##### " #??? | | #????????# #?# #?## "###???# # #?? | | ?????????# #?###??# ##?????# # ## | | ?????????# #??????# #??????# ######"#"#"#"" | | ?????????# #??????# ####""#??????# #??# | +----------------------------------------------------+ Best States ------------- Heat Dissipation 90 Energy Generation 55 Energy Capacity 840 Matter Stores 300 Matter Capacity 300 Sight Range 22 Robot Scan Range 16 Terrain Scan Density 10 ECM Strength 1 Cloak Strength 3 Additional Mass Support 9 Armor Coverage 600 Resistance: KI 20 Resistance: EX 50 Weapon Shielding 90 Point Defense Rating 160 Weapon Cycling 20 Phase Shifting 10 Evasion (%) 79 Targeting Accuracy 22 Melee Accuracy 56 Target Analysis 10 Recoil Reduction 6 Kinecelleration 50 Offensive Hacking 60 Defensive Hacking 10 Authchip Count 1 Item Schematics ----------------- Med. Storage Unit | -10/Materials | Hacked Exp. Heat Sink | -4/Zhirov | Free Assault Drone Bay | -4/Zhirov | Free Exp. Optical Array | -4/Zhirov | Free Imp. Arc Thrower | -4/Zhirov | Free Robot Schematics ------------------ P-60 Hacker | -7/Factory | Hacked Fabricated ------------ P-60 Hacker | x2 | -6/Factory | Authchip Assault Drone Bay | x1 | -3/Research Assault Drone Bay | x1 | -2/Research Repaired ---------- Lgt. Assault Rifle | 17% | -10/Materials Adv. Weight Redist. System | 54% | -7/Factory Adv. Weight Redist. System | 62% | -6/Factory Exp. Weapon Shielding | 72% | -3/Research Impulse Thruster Array | 32% | -3/Research Adv. Kinecellerator | 22% | -2/Research Adv. Kinecellerator | 46% | -1/Command Studied --------- Spread Laser | -8/Materials | Hacked Imp. Treads | -8/Materials | Hacked Surge Thruster | -6/Factory | Hacked Xenon Bombardment Thruster | -6/Factory | Hacked Cesium-ion Thruster | -5/Factory | Hacked Coil Gun | -5/Factory | Hacked Lgt. Angular Momentum Engine | -5/Factory | Hacked Gauss Rifle | -5/Factory | Hacked Railgun | -3/Research | Hacked Alien Tech Used ----------------- Dimensional Node Initializer Integrated Reactor Achievements -------------- All-out Warlord I Have Friends Everywhere Off Switch Showdown Speed Demon Welcome To The Revolution Challenges ------------ None Game ------ Seed ComponentVampiricWheel Manual? 0 Play Time 09:19:41 Cumulative 116.3 hours Start 2026.08.30 @ 18:56:19 End 2026.09.02 @ 14:33:52 Sessions 19 Manual Loads 0 Difficulty Rogue Special Mode None Game No. 57 Rogue 57 Adventurer 0 Explorer 0 Win Type - Total 2 Types 2/0/0/0/0/0/0/0/0/0 Lore% 54 Gallery% 54 Achievement% 53 Wizard Run 0 Options --------- Layout 1 ASCII 0 Keyboard 0 Movement Numpad Keybinds 0 Fullscreen 1 Font 24/Smallcaps Map View 50x35 Zoom Use 0% Tactical HUD 1 Map Filters NONE Filters NONE Steam 1 RUN: 1e199653-4f26-4580-a705-493263ed91d0